 Dungeon Crawl Stone Soup version 0.29-a0-565-g7a16c6de65 (webtiles) character file.

Game seed: 11181915901919213102

345 Lekart the Chopper (level 6, -1/56 HPs)
             Began as a Draconian Chaos Knight on June 12, 2022.
             Was a Plaything of Xom.
             Slain by Crazy Yiuf
             ... wielding a +2 quarterstaff of chaos
              (6 damage)
             ... on level 3 of the Dungeon.
             The game lasted 00:03:29 (3420 turns).

Lekart the Chopper (Draconian Chaos Knight)         Turns: 3420, Time: 00:03:29

Health: -1/56      AC:  8    Str: 14    XL:     6   Next: 32%
Magic:  6/6        EV: 12    Int: 12    God:    Xom [.....*]
Gold:   192        SH:  4    Dex: 13    Spells: 5/5 levels left

rFire   . . .      SeeInvis .   a - +0 hand axe (chaos)
rCold   . . .      Faith    .   p - +0 buckler
rNeg    . . .      Spirit   .   (body armour unavailable)
rPois   .          Reflect  .   (helmet restricted)
rElec   .          Harm     .   s - +1 cloak
rCorr   .          Rampage  .   (no gloves)
Will    .....                   (no boots)
Stlth   ++........              (no amulet)
HPRegen 0.18/turn               (no ring)
MPRegen 0.10/turn               (no ring)

@: no status effects
A: AC +6, unfitting armour, cold-blooded, deterioration 1
a: Renounce Religion


You were on level 3 of the Dungeon.
You worshipped Xom.
You were Xom's teddy bear.
You visited 1 branch of the dungeon, and saw 3 of its levels.

You collected 192 gold pieces.

Inventory:

Hand Weapons
 a - a +0 hand axe of chaos (weapon)
Missiles
 c - 4 poisoned darts
Armour
 p - a +0 buckler (worn)
 s - a +1 cloak (worn)
Wands
 o - a wand of flame (12)
Scrolls
 f - a scroll of vulnerability {unknown}
 i - 2 scrolls of magic mapping
 j - 2 scrolls of blinking {unknown}
 k - a scroll of poison {unknown}
 l - a scroll of enchant armour {unknown}
 q - a scroll of teleportation {unknown}
 t - a scroll of identify
 u - a scroll of amnesia {unknown}
Potions
 d - 2 potions of heal wounds {unknown}
 e - 3 potions of curing
 g - a potion of lignification
 h - a potion of cancellation
 m - a potion of invisibility {unknown}
 n - 2 potions of attraction
 r - a potion of haste
Miscellaneous
 b - a piece from Xom's chessboard (12/15) (quivered)


   Skills:
 + Level 5.0 Fighting
 + Level 5.4 Axes
 - Level 2.3 Dodging
 + Level 2.1 Stealth
 * Level 1.0 Shields


You had 5 spell levels left.
You didn't know any spells.
Your spell library contained the following spells:

 Spells                   Type           Power      Damage    Failure   Level
 Sandblast                Erth           0%         2d4       41%         1
 Passwall                 Tmut/Erth      0%         N/A       56%         2
 Stone Arrow              Conj/Erth      0%         3d7       80%         3


Dungeon Overview and Level Annotations

Branches:
Dungeon (3/15)

Altars:

Annotations:
D:3 Crazy Yiuf


Innate Abilities, Weirdness & Mutations

Your plain brown scales are hard. (AC +6)
You cannot fit into any form of body armour.
You are cold-blooded and may be slowed by cold attacks.
Your body sometimes deteriorates upon taking damage.


Message History

a +0 short sword; a stone
n - 2 potions of attraction (gained 1) Key pressed, stopping explore.
No target in view!
You open the door.
There is an open door here.
You open the door.
There is an open door here.
You open the door.
Found an escape hatch in the ceiling.
No target in view!
No target in view!
There is an open door here.
There is an escape hatch in the ceiling here.
Key pressed, stopping explore.
No target in view!
No reachable target in view!
Could not explore, unopened runed door.
No reachable target in view!
No reachable target in view!
You open the door.
You make a move on Xom's chessboard...
Crazy Yiuf shouts!
Crazy Yiuf seems to grow stronger.
You make a move on Xom's chessboard...
Crazy Yiuf resists with significant effort.
You make a move on Xom's chessboard...
Crazy Yiuf flickers and vanishes!
Deactivating autopickup; reactivate with Ctrl-A.
Okay, then.
Okay, then.
Something hits you!!
You feel yourself slow down. Something freezes you!
Okay, then.
Something hits you!
* * * LOW HITPOINT WARNING * * *
Something freezes you.
* * * LOW HITPOINT WARNING * * *
You feel yourself speed up. Something hits you.
You die...
Xom yawns loudly!

#.# ######'#.# #.# ###.###
#.......†# #<# #.....#
#[.......##### #.....#
#............# ##### #.....#
############.# #.... #.....# #.#
#.... #.....# #########.# #...)
#.....# ### ###.#....##.# #...†
#.....# #...##{@#......#.# #....
###.### #...'.####.......###....
#.# #)..### ##....+........
####.# ### ####.#.###.### .....#
###.#.#.# ###### #...#.#
###########################.#.###
......†.'........'...............
#########........##.#.####..#.###


There were no monsters in sight!

Vanquished Creatures
  Jessica (D:3)
  Terence (D:3)
  Natasha (twice) (D:3)
  A gnoll (D:1)
  2 adders (D:2)
  2 worms (D:2)
  2 orcs (D:3)
  4 endoplasms
  3 giant cockroaches
  5 goblins
  2 hobgoblins (D:1)
  4 jackals (D:3)
  5 kobolds
  5 quokkas
  4 ball pythons
  4 bats
  2 frilled lizards
  5 rats
54 creatures vanquished.

Vanquished Creatures (collateral kills)
  Sigmund (D:2)
1 creature vanquished.

Vanquished Creatures (others)
  A fungus (D:2)
  7 plants (D:2)
8 creatures vanquished.

Grand Total: 63 creatures vanquished

Notes
Turn   | Place    | Note
-------+----------+-------------------------------------------
     0 | D:1      | Lekart the Draconian Chaos Knight began the quest for the
                  | Orb.
     0 | D:1      | Reached XP level 1. HP: 19/19 MP: 1/1
     0 | D:1      | XOM: divination: detect items
    36 | D:1      | XOM: divination: detect creatures
   261 | D:1      | Reached XP level 2. HP: 24/26 MP: 2/2
   393 | D:1      | HP: 1/26 [gnoll/+0 club (8)]
   975 | D:1      | XOM: silly message
   980 | D:1      | Reached XP level 3. HP: 29/33 MP: 3/3
  1160 | D:2      | XOM: divination: detect creatures
  1348 | D:2      | Found a faded altar of an unknown god.
  1717 | D:2      | XOM: noise
  1844 | D:2      | Reached XP level 4. HP: 38/41 MP: 4/4
  1891 | D:2      | Noticed Sigmund
  1892 | D:2      | XOM: butterfly on damage
  1894 | D:2      | XOM: summons 2 friendly demons
  1899 | D:2      | Killed Sigmund
  1900 | D:2      | Reached skill level 5 in Axes
  1900 | D:2      | Reached skill level 1 in Stealth
  1900 | D:2      | Reached XP level 5. HP: 26/47 MP: 5/5
  2139 | D:2      | Identified the +3 ring mail "Mitue" {rF+ rCorr Str+4}
  2522 | D:3      | Noticed Terence
  2532 | D:3      | Killed Terence
  2539 | D:3      | XOM: silly message
  2795 | D:3      | Noticed Natasha
  2798 | D:3      | Killed Natasha
  2799 | D:3      | Reached XP level 6. HP: 55/55 MP: 6/6
  2849 | D:3      | Found a runed translucent door.
  2850 | D:3      | Noticed Crazy Yiuf
  2978 | D:3      | Noticed Natasha
  2990 | D:3      | Killed Natasha
  2991 | D:3      | Reached skill level 5 in Fighting
  3146 | D:3      | XOM: give mutations
  3146 | D:3      | Gained mutation: You are frail. (-10% HP) [Xom's mischief]
  3146 | D:3      | Gained mutation: Your body sometimes deteriorates upon
                  | taking damage. [Xom's mischief]
  3146 | D:3      | Lost mutation: You are frail. (-10% HP) [Xom's mischief]
  3233 | D:3      | XOM: 2-stop teleportation journey
  3237 | D:3      | Noticed Jessica
  3252 | D:3      | Killed Jessica
  3253 | D:3      | Reached skill level 1 in Shields
  3263 | D:3      | XOM: scenery: 1 doors open
  3420 | D:3      | Slain by Crazy Yiuf

Illustrated notes

Levels and vault maps discovered:
D:1:      dpeg_arrival_court, layout_basic
D:2:      layout_basic, shapermc_ecumenical_altar_mp_ritualfount,
          serial_bayou_pond_c, uniq_sigmund
D:3:      layout_basic, uniq_jessica, uniq_terence, uniq_crazy_yiuf_cottage,
          uniq_natasha

Skill      XL: |  1  2  3  4  5  6 |
---------------+-------------------+-----
Fighting       | 4 5 |  5.0
Axes           | 5 |  5.4
Stealth        | 1 2 |  2.1
Shields        | 1 |  1.0
Dodging        | |  2.3

Action                   |  1- 3 |  4- 6 || total
-------------------------+-------+-------++-------
Melee: Hand axe          |   101 |    56 ||   157
       Tailslap          |    10 |     3 ||    13
Evoke: Piece from Xom's  |       |     3 ||     3
  Use: Scroll            |     7 |     1 ||     8
 Stab: Sleeping          |     2 |     3 ||     5
Armor: Skin              |    37 |    16 ||    53
Dodge: Dodged            |    76 |    30 ||   106
Block: Buckler           |       |     9 ||     9

Table legend: (Time is in decaauts)
 A = Elapsed time spent in this place.
 B = Non-inter-level travel time spent in this place.
 C = Inter-level travel time spent in this place.
 D = Time resting spent in this place.
 E = Time spent auto-exploring this place.
 F = Levels seen in this place.
 G = Mean time per level.
                   A        B        C        D        E       F      G
               +--------+--------+--------+--------+--------+-----+--------+
         Total |   3446 |   3324 |    122 |      0 |   2853 |   3 | 1148.7 |
       Dungeon |   3446 |   3324 |    122 |      0 |   2853 |   3 | 1148.7 |
               +--------+--------+--------+--------+--------+-----+--------+

Top non-repeatable levels by time:
     D:2: 1279 daAuts
     D:1: 1131 daAuts
     D:3: 1035 daAuts
